 Dungeon Crawl Stone Soup version 0.30-a0-125-g51eefa89be (webtiles) character file.

Game seed: 3848312890714098022

1373 zazu2006 the Ducker (level 8, 0/59 HPs)
             Began as a Gnoll Wanderer on Sept 18, 2022.
             Was an Initiate of Vehumet.
             Slain by a hornet (1 damage)
             ... on level 7 of the Dungeon.
             The game lasted 00:16:12 (8422 turns).

zazu2006 the Ducker (Gnoll Wanderer)                Turns: 8422, Time: 00:16:13

Health: 0/59       AC:  6    Str: 10    XL:     8   Next: 66%
Magic:  7/14       EV: 14    Int: 16    God:    Vehumet [......]
Gold:   247        SH:  0    Dex: 11    Spells: 10/16 levels left

rFire   . . .      SeeInvis .    d - +2 dagger (venom)
rCold   . . .      Faith    .    (no shield)
rNeg    . . .      Spirit   .    c - +0 robe
rPois   .          Reflect  .    v - +2 helmet
rElec   .          Harm     .    B - +0 cloak
rCorr   .          Rampage  .    (no gloves)
Will    .....                    (no boots)
Stlth   +.........               (no amulet)
HPRegen 0.19/turn                (no ring)
MPRegen 0.14/turn                (no ring)

@: confused, lethally poisoned (0 -> -17), slowed, very slow
A: fangs 1, strong nose, distributed training
a: Renounce Religion


You were on level 7 of the Dungeon.
You worshipped Vehumet.
Vehumet was noncommittal.
You visited 2 branches of the dungeon, and saw 8 of its levels.

You collected 247 gold pieces.

Inventory:

Hand Weapons
 d - a +2 dagger of venom (weapon)
 n - a +3 spear
 x - a +2 dagger of electrocution
Missiles
 y - a throwing net (quivered)
Armour
 c - a +0 robe (worn)
 v - a +2 helmet (worn)
 B - a +0 cloak (worn)
Jewellery
 z - a ring of fire
Wands
 u - a wand of polymorph (16)
 w - a wand of iceblast (6)
Scrolls
 a - a scroll of torment {unknown}
 b - a scroll of fear
 e - 6 scrolls of identify {unknown}
 f - 3 scrolls of poison {unknown}
 k - a scroll of brand weapon {unknown}
 o - a scroll of enchant armour {unknown}
 p - 2 scrolls of vulnerability {unknown}
 s - a scroll of butterflies {unknown}
 t - a scroll of magic mapping {unknown}
Potions
 g - a potion of curing
 h - 2 potions of haste {unknown}
 i - a potion of flight {unknown}
 j - a potion of lignification {unknown}
 l - 2 potions of brilliance {unknown}
 m - 3 potions of resistance {unknown}
 q - 3 potions of mutation {unknown}
 r - 3 potions of degeneration {unknown}
 A - 2 potions of heal wounds {unknown}
 C - a potion of might {unknown}
 D - a potion of invisibility {unknown}


   Skills:
 + Level 3.6 Fighting
 + Level 3.6 Short Blades
 + Level 3.6 Long Blades
 + Level 3.6 Axes
 + Level 3.6 Maces & Flails
 + Level 3.6 Polearms
 + Level 3.6 Staves
 + Level 3.6 Ranged Weapons
 + Level 3.6 Throwing
 + Level 3.6 Armour
 + Level 7.5 Dodging
 + Level 4.3 Stealth
 + Level 3.6 Shields
 + Level 3.6 Unarmed Combat
 + Level 4.6 Spellcasting
 + Level 4.9 Conjurations
 + Level 3.0 Hexes
 + Level 3.0 Summonings
 + Level 3.0 Necromancy
 + Level 3.0 Translocations
 + Level 3.0 Transmutations
 + Level 3.0 Fire Magic
 + Level 6.2 Ice Magic
 + Level 3.0 Air Magic
 + Level 3.0 Earth Magic
 + Level 3.0 Poison Magic
 + Level 4.0 Invocations
 + Level 3.6 Evocations


You had 10 spell levels left.
You knew the following spells:

 Your Spells              Type           Power      Damage    Failure   Level
a - Shock                 Conj/Air       64%        1d7       3%          1
b - Mephitic Cloud        Conj/Pois/Air  15%        N/A       11%         3
c - Ensorcelled Hibernat  Hex/Ice        36%        N/A       3%          2

Your spell library contained the following spells:

 Spells                   Type           Power      Damage    Failure   Level
 Freeze                   Ice            92%        1d10      1%          1
 Apportation              Tloc           26%        N/A       4%          1
 Necrotise                Necr           52%        1d6       4%          1
 Summon Small Mammal      Summ           52%        N/A       4%          1
 Static Discharge         Conj/Air       32%        2-4/arc   4%          2
 Ignite Poison            Fire/Tmut/Pois 13%        N/A       14%         3
 Inner Flame              Hex/Fire       13%        N/A       14%         3
 Hailstorm                Conj/Ice       21%        3d6       16%         4
 Cause Fear               Hex            6%         N/A       43%         4
 Freezing Cloud           Conj/Ice/Air   9%         6-21      54%         5
 Arcjolt                  Conj/Air       8%         1d18      65%         5
 Lightning Bolt           Conj/Air       8%         1d20      65%         5
 Discord                  Hex            6%         N/A       100%        8
 Maxwell's Capacitive Co  Air            6%         ∞         100%        8


Dungeon Overview and Level Annotations

Branches:
Dungeon (7/15)             Temple (1/1) D:4

Altars:
Ashenzari
Cheibriados
Elyvilon
Fedhas
Hepliaklqana
Kikubaaqudgha
Makhleb
Qazlal
Sif Muna
Trog
Uskayaw
Vehumet
Yredelemnul
Zin
The Shining One


Innate Abilities, Weirdness & Mutations

You have very sharp teeth.
Your uncanny sense of smell can sniff out nearby items.
Your experience applies equally to all skills.


Message History

The hornet resists with some effort.
You feel yourself speed up.
You feel very sick. The hornet stings you!
You feel yourself slow down. The hornet stings you.
You feel as though you will be slow longer.
Unknown command.
Casting: Ensorcelled Hibernation (safe; 3% risk of failure)
Confirm with . or Enter, or press ? or * to list all spells.
Aiming: Mephitic Cloud (dangerous; 11% risk of failure)
Press: ? - help, Shift-Dir - straight line, f/p - hornet
Aim: a hornet (chance to affect: 72%) That beam is likely to hit you.
Continue anyway?
Okay, then.
Casting: Mephitic Cloud (dangerous; 11% risk of failure)
Confirm with . or Enter, or press ? or * to list all spells.
Aiming: Mephitic Cloud (dangerous; 11% risk of failure)
Press: ? - help, Shift-Dir - straight line, f/p - hornet
Aim: a hornet (chance to affect: 72%) That beam is likely to hit you.
Continue anyway?
The ball explodes into a vile cloud!
The stinking cloud engulfs you but does no damage.
The stinking cloud engulfs the hornet but does no damage.
You are engulfed in noxious fumes.
You choke on the stench!
You are confused.
You feel sick.
You hear a shout! x2
The hornet stings you!
You are more poisoned.
You feel as though you will be slow longer.
The hornet stings you!
* * * LOW HITPOINT WARNING * * *
You are more poisoned.
You feel as though you will be slow longer.
You bump into the rock wall.
You are engulfed in noxious fumes.
You choke on the stench!
You are more confused.
* * * LOW HITPOINT WARNING * * *
You feel extremely sick. The hornet stings you.
You die...

### ..# #.# #.#
#○####### #@°.....#
#y##.##.#
#.##.##.####
.#######...........
..?.y.....#.##.####
...#.#.####.##.# #
.#.####.##.####.#####
....................#
................###(#


You could see a hornet.

Vanquished Creatures
  2 water moccasins (D:6)
  An orc warrior (D:6)
  2 black bears
  An ogre (D:5)
  A necrophage (D:6)
  2 scorpions
  A howler monkey (D:6)
  3 hounds
  An orc priest (D:6)
  A jelly (D:4)
  Crazy Yiuf (D:4)
  3 iguanas
  3 orc wizards
  Robin (D:3)
  3 gnolls
  10 adders
  A worm (D:3)
  6 dart slugs
  9 orcs
  3 ball pythons (D:1)
  An endoplasm (D:2)
  A giant cockroach (D:1)
  17 goblins
  9 hobgoblins
  8 jackals
  7 quokkas
  5 bats
  7 frilled lizards
  7 kobolds
  5 rats
122 creatures vanquished.

Notes
Turn   | Place    | Note
-------+----------+-------------------------------------------
     0 | D:1      | zazu2006 the Gnoll Wanderer began the quest for the Orb.
     0 | D:1      | zazu2006 set off with the following items: a +0 club, a
                  | scroll of fear, a +0 robe, a +0 helmet; and the following
                  | spells available to memorise: Freeze, Shock, Ensorcelled
                  | Hibernation, Hailstorm, Mephitic Cloud.
     0 | D:1      | Reached XP level 1. HP: 13/13 MP: 4/4
    20 | D:1      | Learned a level 1 spell: Shock
   185 | D:1      | Reached XP level 2. HP: 16/19 MP: 0/5
   630 | D:1      | Reached XP level 3. HP: 19/25 MP: 1/7
  1095 | D:1      | Reached skill level 1 in Invocations
  1111 | D:1      | Learned a level 3 spell: Mephitic Cloud
  1174 | D:1      | Found a faded altar of an unknown god.
  1460 | D:1      | Reached skill level 1 in Fighting
  1460 | D:1      | Reached skill level 1 in Short Blades
  1460 | D:1      | Reached skill level 1 in Long Blades
  1460 | D:1      | Reached skill level 1 in Axes
  1460 | D:1      | Reached skill level 1 in Maces & Flails
  1460 | D:1      | Reached skill level 1 in Polearms
  1460 | D:1      | Reached skill level 1 in Staves
  1460 | D:1      | Reached skill level 1 in Ranged Weapons
  1460 | D:1      | Reached skill level 1 in Throwing
  1460 | D:1      | Reached skill level 1 in Armour
  1460 | D:1      | Reached skill level 1 in Shields
  1460 | D:1      | Reached skill level 1 in Unarmed Combat
  1460 | D:1      | Reached skill level 1 in Evocations
  1719 | D:2      | Reached XP level 4. HP: 31/32 MP: 0/8
  2046 | D:2      | Reached skill level 1 in Hexes
  2046 | D:2      | Reached skill level 1 in Summonings
  2046 | D:2      | Reached skill level 1 in Necromancy
  2046 | D:2      | Reached skill level 1 in Translocations
  2046 | D:2      | Reached skill level 1 in Transmutations
  2046 | D:2      | Reached skill level 1 in Fire Magic
  2046 | D:2      | Reached skill level 1 in Air Magic
  2046 | D:2      | Reached skill level 1 in Earth Magic
  2046 | D:2      | Reached skill level 1 in Poison Magic
  2143 | D:2      | Noticed a black bear
  2148 | D:2      | Learned a level 2 spell: Ensorcelled Hibernation
  2915 | D:3      | Reached XP level 5. HP: 26/37 MP: 5/9
  3597 | D:3      | Found a bloodstained altar of Trog.
  3996 | D:4      | Reached XP level 6. HP: 43/44 MP: 1/11
  4082 | D:4      | Noticed Robin
  4216 | D:3      | Killed Robin
  4732 | D:4      | Found a staircase to the Ecumenical Temple.
  4777 | Temple   | Entered the Ecumenical Temple
  4924 | Temple   | Became a worshipper of Vehumet
  5044 | D:4      | Found a runed translucent door.
  5045 | D:4      | Noticed Crazy Yiuf
  5383 | D:4      | Found an ancient bone altar of Kikubaaqudgha.
  5922 | D:4      | Killed Crazy Yiuf
  5985 | D:5      | Entered Level 5 of the Dungeon
  6061 | D:5      | Noticed a black bear
  6089 | D:5      | Killed a black bear
  6090 | D:5      | Reached skill level 7 in Dodging
  6090 | D:5      | Reached XP level 7. HP: 24/50 MP: 1/12
  7055 | D:6      | Found a shimmering blue altar of Sif Muna.
  7059 | D:6      | Found a basalt altar of Yredelemnul.
  7577 | D:6      | Reached XP level 8. HP: 43/58 MP: 9/14
  8412 | D:7      | Noticed a hornet
  8422 | D:7      | HP: 1/59 [poisoned by a hornet]
  8422 | D:7      | Slain by a hornet

Illustrated notes

Levels and vault maps discovered:
D:1:      minmay_arrival_wavy_path, layout_rooms,
          nicolae_ecumenical_snake_handling
D:2:      layout_rooms, minmay_rat_gold_closets
D:3:      layout_loops_ring, trog_book
D:4:      layout_layer_cave, kiku_gazebo_pond_becter, temple_fountains,
          uniq_crazy_yiuf_cottage, uniq_robin
D:5:      layout_basic, kennysheep_crisscross, palyth_stone_intersect
D:6:      layout_loops_corners, grunt_temple_overflow_open
D:7:      layout_loops_ring, kennysheep_mini
Temple:   chequers_temple_sunken

Skill      XL: |  1  2  3  4  5  6  7  8 |
---------------+-------------------------+-----
Invocations    | 1 2 3 4 |  4.0
Fighting       | 1 2 3 |  3.6
Short Blades   | 1 2 3 |  3.6
Long Blades    | 1 2 3 |  3.6
Axes           | 1 2 3 |  3.6
Maces & Flails | 1 2 3 |  3.6
Polearms       | 1 2 3 |  3.6
Staves         | 1 2 3 |  3.6
Ranged Weapons | 1 2 3 |  3.6
Throwing       | 1 2 3 |  3.6
Armour         | 1 2 3 |  3.6
Shields        | 1 2 3 |  3.6
Unarmed Combat | 1 2 3 |  3.6
Evocations     | 1 2 3 |  3.6
Spellcasting   | 3 4 |  4.6
Hexes          | 1 2 3 |  3.0
Summonings     | 1 2 3 |  3.0
Necromancy     | 1 2 3 |  3.0
Translocations | 1 2 3 |  3.0
Transmutations | 1 2 3 |  3.0
Fire Magic     | 1 2 3 |  3.0
Air Magic      | 1 2 3 |  3.0
Earth Magic    | 1 2 3 |  3.0
Poison Magic   | 1 2 3 |  3.0
Conjurations   | 4 |  4.9
Stealth        | 3 4 |  4.3
Dodging        | 7 |  7.5
Ice Magic      | 6 |  6.2

Action                   |  1- 3 |  4- 6 |  7- 9 || total
-------------------------+-------+-------+-------++-------
Melee: Club              |    48 |       |       ||    48
       Bite              |     1 |    11 |    15 ||    27
       Punch             |     1 |     4 |     3 ||     8
       Spear             |       |   156 |       ||   156
       Unarmed           |       |    14 |       ||    14
       Dagger            |       |     9 |   113 ||   122
 Cast: Shock             |    88 |    53 |    13 ||   154
       Mephitic Cloud    |       |     7 |     5 ||    12
       Ensorcelled Hiber |       |       |     7 ||     7
  Use: Potion            |       |     1 |     2 ||     3
 Stab: Sleeping          |       |     1 |     5 ||     6
       Confused          |       |     1 |     1 ||     2
       Distracted        |       |     1 |       ||     1
Armor: Robe              |    24 |    32 |    25 ||    81
       Skin              |       |     2 |       ||     2
Dodge: Dodged            |    68 |   132 |    59 ||   259

Table legend: (Time is in decaauts)
 A = Elapsed time spent in this place.
 B = Non-inter-level travel time spent in this place.
 C = Inter-level travel time spent in this place.
 D = Time resting spent in this place.
 E = Time spent auto-exploring this place.
 F = Levels seen in this place.
 G = Mean time per level.
                   A        B        C        D        E       F      G
               +--------+--------+--------+--------+--------+-----+--------+
         Total |   8478 |   8256 |    222 |    826 |   6342 |   8 | 1059.8 |
       Dungeon |   8254 |   8060 |    194 |    826 |   6157 |   7 | 1179.1 |
        Temple |    223 |    196 |     27 |      0 |    185 |   1 |  223.0 |
               +--------+--------+--------+--------+--------+-----+--------+

Top non-repeatable levels by time:
     D:3: 2086 daAuts
     D:1: 1572 daAuts
     D:6: 1383 daAuts
     D:4: 1336 daAuts
     D:5: 971 daAuts
     D:2: 837 daAuts
  Temple: 223 daAuts
     D:7: 67 daAuts
